 Dungeon Crawl Stone Soup version 0.29.0-10-g45618ea6d2 (webtiles) character file.

Game seed: 11937412574761193196

9 mdonais the Sneak (level 1, 0/19 HPs)
             Began as a Demigod Delver on Sept 2, 2022.
             Slain by an adder (2 damage)
             ... on level 5 of the Dungeon.
             The game lasted 00:00:55 (55 turns).

mdonais the Sneak (Demigod Delver)                    Turns: 55, Time: 00:00:55

Health: 0/19       AC:  3    Str: 13    XL:     1   Next: 93%
Magic:  3/3        EV: 11    Int: 12    God:
Gold:   0          SH:  0    Dex: 15    Spells: 0/0 levels left

rFire   . . .      SeeInvis .   a - +0 hand axe
rCold   . . .      Faith    .   (no shield)
rNeg    . . .      Spirit   .   b - +0 leather armour
rPois   .          Reflect  .   (no helmet)
rElec   .          Harm     .   (no cloak)
rCorr   .          Rampage  .   (no gloves)
Will    .....                   (no boots)
Stlth   +++.......              (no amulet)
HPRegen 0.06/turn               (no ring)
MPRegen 0.08/turn               (no ring)

@: hasted, very quick
A: high MP 1, forlorn, divine attributes
a: no special abilities


You were on level 5 of the Dungeon.
You visited 1 branch of the dungeon, and saw 1 of its levels.

Inventory:

Hand Weapons
 a - a +0 hand axe (weapon)
Armour
 b - a +0 leather armour (worn)
Wands
 D - a wand of digging (2)


   Skills:
 + Level 3.0 Fighting
 + Level 2.2 Axes
 - Level 1.7 Dodging
 - Level 4.5 Stealth


You couldn't memorise any spells.
You didn't know any spells.
Your spell library was empty.

Dungeon Overview and Level Annotations

Branches:
Dungeon (5/15) Zot: 5949
 Temple: D:4-7

Portals:
Sewer: D:5


Innate Abilities, Weirdness & Mutations

You have an increased reservoir of magic. (+10% MP)
You shall have no god before yourself.
Your divine heritage dramatically boosts your attributes as you level up.


Message History

You hear the sound of rushing water.
There is an entrance to a sewer on this level.
Hurry and find it before the portal rusts away!
Welcome, mdonais the Demigod Delver.
The fabled Orb of Zot lies far below, as if waiting for you to find it.
Press ? for a list of commands and other information.
As you read the scroll of magic mapping, it crumbles to dust.
You feel aware of your surroundings.
You sensed 1 shop/portal.
Unknown command.
Found a robe.
A gnoll comes into view. It is wielding a +0 halberd.
You feel yourself speed up.
A gnoll comes into view. It is wielding a +0 club.
The gnoll barely misses you.
You hit the gnoll.
The gnoll is lightly wounded.
The gnoll shouts!
You hit the gnoll but do no damage.
The gnoll is lightly wounded.
The gnoll closely misses you.
A gnoll comes into view. It is wielding a +0 whip.
The gnoll shouts!
You hit the gnoll.
The gnoll is lightly wounded.
You hear a shout!
The gnoll hits you with a +0 halberd!
You hear a shout!
You take 8 damage, and have 10/18 hp.
MASSIVE DAMAGE!!
You hit the gnoll.
The gnoll is severely wounded.
A centaur comes into view.
The gnoll completely misses you.
A gnoll comes into view. It is wielding a +0 spear.
You hit the gnoll.
The gnoll is almost dead.
The gnoll closely misses you.
You hit the gnoll but do no damage.
The gnoll is almost dead.
You hit the gnoll but do no damage.
The gnoll is almost dead.
The gnoll hits you with a +0 halberd!
Ouch! That really hurt!
* * * LOW HITPOINT WARNING * * *
You take 9 damage, and have 1/18 hp.
MASSIVE DAMAGE!!
You hit the gnoll.
You kill the gnoll!
Your Fighting skill increases to level 3!
Your Axes skill increases to level 2!
As you read the scroll of fear, it crumbles to dust.
You assume a fearsome visage.
The centaur looks frightened!
The gnoll looks frightened! x3
Aiming: Dig
Press: ? - help, Shift-Dir - straight line You can't see that place.
The rock shatters into small pieces.
An adder comes into view.
The adder hisses angrily.
Found a glowing drain.
As you read the scroll of fog, it crumbles to dust.
The scroll dissolves into smoke.
You closely miss the adder. The adder misses you.
You hit the adder.
The adder is moderately wounded.
The adder misses you. The adder bites you but does no damage.
You closely miss the adder.
The adder is moderately wounded.
The adder completely misses you.
You completely miss the adder.
The adder is moderately wounded.
You hear the slow rusting of a drain.
The adder bites you but does no damage.
You hit the adder but do no damage.
The adder is moderately wounded.
The adder bites you.
You die...

#.# #.# #.# #.#
#########.###
#....[......#
#§§§......#.#
#######§§########.#
*****#....§S@§# *^#
*,~~~~~~~∩§#§§#
*,******
*,***#####*#§§#
*,,,,,,,
*,**,***,**...#
********
*,,,,,,,,g....#
****<*,*,gc...#
**,,,,,#g#####
***,,,,,,#.*******
*,,,,,,,,,,,,,,,,*


You could see an adder.

Vanquished Creatures
  A gnoll (D:5)
1 creature vanquished.

Notes
Turn   | Place    | Note
-------+----------+-------------------------------------------
     0 | D:5      | mdonais the Demigod Delver began the quest for the Orb.
     0 | D:5      | Reached XP level 1. HP: 18/18 MP: 3/3
    41 | D:5      | Noticed a centaur
    47 | D:5      | Found a glowing drain.
    55 | D:5      | Slain by an adder

Illustrated notes

Levels and vault maps discovered:
D:5:      layout_loops_ring, portal_sewer_entry_d

Skill      XL: |  1 |
---------------+----+-----
Fighting       | 3 |  3.0
Axes           | 2 |  2.2
Dodging        | |  1.7
Stealth        | |  4.5

Action                   || total
-------------------------++-------
Melee: Hand axe          ||    13
Evoke: Wand              ||     1
  Use: Scroll            ||     3
       Potion            ||     1
Armor: Leather armour    ||     2
Dodge: Dodged            ||     7
